 Seeded DCSS version 0.28-a0-1567-g1695149f81 (webtiles) character file.

Game seed: 5295 (custom seed)

665 knot the Chopper (level 7, 52/52 HPs)
             Began as a Demonspawn Berserker on Jan 20, 2022.
             Was a Believer of Trog.
             Quit the game on level 4 of the Dungeon.
             The game lasted 00:03:50 (4269 turns).

knot the Chopper (Demonspawn Berserker)             Turns: 4269, Time: 00:03:50

Health: 52/52      AC:  5    Str: 17    XL:     7   Next: 31%
Magic:  7/7        EV: 27    Int: 10    God:    Trog [**....]
Gold:   164        SH:  0    Dex: 13    Spells: 6/6 levels left

rFire   . . .      SeeInvis .   a - +0 hand axe
rCold   . . .      Faith    .   (no shield)
rNeg    . . .      Spirit   .   b - +0 animal skin
rPois   .          Reflect  .   j - +0 helmet
rElec   .          Harm     .   (no cloak)
rCorr   .          Rampage  .   (no gloves)
Will    .....                   (no boots)
Stlth   +.........              o - amulet of the acrobat
HPRegen 0.17/turn               n - +4 ring of slaying
MPRegen 0.10/turn               (no ring)

@: acrobatic
A: yellow scales 1, weakness stinger 2
a: Renounce Religion, Berserk, Trog's Hand


You were on level 4 of the Dungeon.
You worshipped Trog.
Trog was pleased with you.
You visited 1 branch of the dungeon, and saw 4 of its levels.

You collected 164 gold pieces.

Inventory:

Hand Weapons
 a - a +0 hand axe (weapon)
Missiles
 c - 83 stones (quivered)
 f - 4 boomerangs
 h - a throwing net
Armour
 b - a +0 animal skin (worn)
 j - a +0 helmet (worn)
Jewellery
 n - a +4 ring of slaying (left hand)
 o - an amulet of the acrobat (around neck)
Scrolls
 d - a scroll of immolation {unknown}
 e - 2 scrolls of teleportation {unknown}
 k - a scroll of magic mapping {unknown}
 m - a scroll of fear {unknown}
Potions
 g - a potion of invisibility {unknown}
 i - a potion of degeneration {unknown}
 l - a potion of brilliance {unknown}
 p - a potion of cancellation {unknown}
 r - a potion of curing {unknown}


   Skills:
 - Level 3.0 Fighting
 * Level 6.8 Axes
 * Level 3.5 Throwing
 - Level 1.7 Armour
 - Level 1.7 Dodging


You had 6 spell levels left.
You didn't know any spells.
Your spell library was empty.

Dungeon Overview and Level Annotations

Branches:
Dungeon (4/15)
 Temple: D:4-7

Altars:
Okawaru

Annotations:
D:4 3 runed translucent doors, knot's ghost, amateur DsBe


Innate Abilities, Weirdness & Mutations

You are partially covered in yellow scales. (AC +2)
You have a tail ending in a sharp stinger.


Message History

The bat's corpse disappears in a puff of smoke!
You hit the necrophage. The necrophage hits you.
You feel drained.
Eustachio gestures wildly while chanting.
You slash Eustachio!
Eustachio is severely wounded.
You closely miss the quasit. You hit the necrophage. You hit Eustachio.
You tail-slap Eustachio.
You kill Eustachio!
Trog accepts your kill.
Trog appreciates your killing of a magic user.
The iron imp disappears in a puff of smoke!
The quasit disappears in a puff of smoke!
You hit the necrophage. The necrophage barely misses you.
Your life force feels restored.
Your Throwing skill increases to level 3!
You have reached level 7!
Your demonic ancestry asserts itself...
Yellow scales grow over part of your body.
You slash the hobgoblin!
You kill the hobgoblin!
Trog accepts your kill.
You slash the necrophage!
The necrophage hits you but does no damage.
You slash the necrophage!
You destroy the necrophage!
Trog accepts your kill.
You start resting.
You feel a strong urge to attack something.
You start resting.
You are no longer berserk.
You are exhausted.
You feel yourself slow down.
You start resting.
You feel yourself speed up.
You start resting.
You recover from your berserk rage.
You start resting.
You start resting.
HP restored.
Are you sure you want to abandon this character and quit the game? (Confirm with "yes".)

.....................##'####.
....................<##.# #.
.##.#..#...#.###.....##.# #.
# #................##.# #.
...##...#.#.###...##.# #.
..#....<.....# #...##.# #.
...#.##.#.#...# #...##.# ....
#.......#.....##.# .
#....@.........
#...#†).#.##.. ..............
.###..###..#### ... ..+ ...
.(# #### ..( ...


There were no monsters in sight!

Vanquished Creatures
  Eustachio (D:4)
  A sky beast (D:4)
  A necrophage (D:4)
  A scorpion (D:4)
  An orc priest (D:3)
  4 orc wizards
  4 gnolls (D:2)
  7 adders
  A dart slug (D:2)
  8 orcs
  7 bats
  2 endoplasms
  4 giant cockroaches
  5 goblins
  8 hobgoblins
  2 jackals (D:1)
  A quokka (D:1)
  9 ball pythons
  6 frilled lizards
  11 kobolds
  6 rats
90 creatures vanquished.

Notes
Turn   | Place    | Note
-------+----------+-------------------------------------------
     0 | D:1      | knot the Demonspawn Berserker began the quest for the Orb.
     0 | D:1      | Reached XP level 1. HP: 18/18 MP: 1/1
    56 | D:1      | Reached skill level 3 in Axes
   146 | D:1      | Gained mutation: You have a small tail. [demonic ancestry]
   146 | D:1      | Reached XP level 2. HP: 23/24 MP: 2/2
   157 | D:1      | Found a faded altar of an unknown god.
   809 | D:2      | Reached XP level 3. HP: 29/29 MP: 3/3
  1007 | D:2      | Reached skill level 4 in Axes
  1113 | D:2      | Reached ** piety under Trog
  1356 | D:2      | Reached XP level 4. HP: 15/35 MP: 4/4
  2493 | D:3      | Reached skill level 5 in Axes
  2567 | D:3      | Found an iron altar of Okawaru.
  2570 | D:3      | Gained mutation: You have a tail ending in a sharp stinger.
                  | [demonic ancestry]
  2570 | D:3      | Reached XP level 5. HP: 41/41 MP: 5/5
  3522 | D:4      | Reached skill level 1 in Throwing
  3522 | D:4      | Reached XP level 6. HP: 43/47 MP: 6/6
  3615 | D:4      | Reached skill level 6 in Axes
  3713 | D:4      | Noticed a sky beast
  3725 | D:4      | Killed a sky beast
  4000 | D:4      | Noticed knot's ghost (amateur DsBe)
  4000 | D:4      | Noticed an ice beast
  4027 | D:4      | Found a runed translucent gate.
  4027 | D:4      | Found a runed translucent gate.
  4027 | D:4      | Found a runed translucent gate.
  4058 | D:4      | Noticed Eustachio
  4077 | D:4      | Killed Eustachio
  4078 | D:4      | Gained mutation: You are partially covered in yellow
                  | scales. (AC +2) [demonic ancestry]
  4078 | D:4      | Reached XP level 7. HP: 26/52 MP: 7/7
  4269 | D:4      | Quit the game

Illustrated notes

Levels and vault maps discovered:
D:1:      amcnicky_arrival_underground_garden, layout_rooms,
          hellmonk_ecumenical_altar_heavens_door
D:2:      cheibrodos_helix_gallery, layout_basic, hangedman_feature_mirror
D:3:      layout_loops_cross, okawaru_gym_becter
D:4:      layout_basic, mainiacjoe_overflow_surrounded_room,
          gammafunk_ghost_icy, minmay_misc_feat_hallway, uniq_eustachio

Skill      XL: |  1  2  3  4  5  6 |
---------------+-------------------+-----
Axes           | 3 4 5 6 |  6.8
Throwing       | 1 3 |  3.5
Fighting       | |  3.0
Armour         | |  1.7
Dodging        | |  1.7

Action                   |  1- 3 |  4- 6 |  7- 9 || total
-------------------------+-------+-------+-------++-------
Melee: Hand axe          |    97 |   141 |     2 ||   240
       Tailslap          |     8 |    16 |       ||    24
Throw: Boomerang         |       |    13 |       ||    13
       Dart              |       |     3 |       ||     3
       Stone             |       |     1 |       ||     1
Invok: Berserk           |     2 |     5 |       ||     7
       Trog's Hand       |       |     1 |       ||     1
 Stab: Sleeping          |       |     1 |       ||     1
Armor: Animal skin       |    16 |    33 |     1 ||    50
Dodge: Dodged            |    68 |   113 |       ||   181

Table legend: (Time is in decaauts)
 A = Elapsed time spent in this place.
 B = Non-inter-level travel time spent in this place.
 C = Inter-level travel time spent in this place.
 D = Time resting spent in this place.
 E = Time spent auto-exploring this place.
 F = Levels seen in this place.
 G = Mean time per level.
                   A        B        C        D        E       F      G
               +--------+--------+--------+--------+--------+-----+--------+
         Total |   4344 |   4296 |     48 |   1498 |   2192 |   4 | 1086.0 |
       Dungeon |   4344 |   4296 |     48 |   1498 |   2192 |   4 | 1086.0 |
               +--------+--------+--------+--------+--------+-----+--------+

Top non-repeatable levels by time:
     D:2: 1987 daAuts
     D:1: 807 daAuts
     D:4: 787 daAuts
     D:3: 761 daAuts
